 Dungeon Crawl Stone Soup version 0.27.0-1-g7a089689b8 (webtiles) character file.

Game seed: 7160652720631179083

4 LeChuckSC the Caller (level 1, 0/13 HPs)
             Began as a Merfolk Summoner on Aug 13, 2021.
             Slain by a goblin (2 damage)
             ... on level 1 of the Dungeon.
             The game lasted 00:04:14 (312 turns).

LeChuckSC the Caller (Merfolk Summoner)              Turns: 312, Time: 00:04:14

Health: 0/13       AC:  2    Str: 14    XL:     1   Next: 70%
Magic:  2/3        EV: 12    Int: 14    God:
Gold:   17         SH:  0    Dex: 14    Spells: 3/4 levels left

rFire    . . .     SeeInvis .   d - +0 hand axe (vorpal)
rCold    . . .     Faith    .   (no shield)
rNeg     . . .     Spirit   .   a - +0 robe
rPois    .         Reflect  .   (no helmet)
rElec    .         Harm     .   (no cloak)
rCorr    .         Rampage  .   (no gloves)
Will     .....                  (no boots)
Stlth    ++........             (no amulet)
HPRegen  0.04/turn              e - +6 ring of strength
MPRegen  0.08/turn              (no ring)

@: no status effects
A: (nimble swimmer 2), mertail
a: no special abilities


You were on level 1 of the Dungeon.
You visited 1 branch of the dungeon, and saw 1 of its levels.

You collected 17 gold pieces.

Inventory:

Hand Weapons
 b - a +0 short sword
 d - a +0 vorpal hand axe (weapon)
Armour
 a - a +0 robe (worn)
Jewellery
 e - a +6 ring of strength (left hand)
Potions
 c - a potion of curing
 f - a potion of invisibility {unknown}


   Skills:
 + Level 0.1 Axes
 + Level 2.8 Dodging
 - Level 2.2 Stealth
 + Level 2.0 Spellcasting
 * Level 4.1 Summonings


You had 3 spell levels left.
You knew the following spells:

 Your Spells              Type           Power      Damage    Failure   Level
a - Summon Small Mammal   Summ           48%        N/A       4%          1

Your spell library contained the following spells:

 Spells                   Type           Power      Damage    Failure   Level
 Call Imp                 Summ           12%        N/A       7%          2
 Call Canine Familiar     Summ           12%        N/A       13%         3
 Summon Guardian Golem    Hex/Summ       7%         N/A       30%         3
 Summon Lightning Spire   Summ/Air       7%         N/A       71%         4


Dungeon Overview and Level Annotations

Branches:
Dungeon (1/15)

Altars:


Innate Abilities, Weirdness & Mutations

((You are quick and stealthy near water. (Stealth+, EV+, Speed+++)))
Your lower body shifts to a powerful aquatic tail in water.


Message History

t - Shout!
Orders for allies: a - Attack new target. r - Retreat! s - Stop attacking. g - Guard the area. f - Follow me.
Anything else - Cancel.
Gang up on whom?
Press: ? - help, Dir - move target, f - bat
Aim: a bat (ally target) Attack!
The bat hits you.
A hobgoblin comes into view.
The bat barely misses you.
Your quokka closely misses the bat.
You closely miss the goblin. You hit the bat.
You kill the bat!
Your quokka disappears in a puff of smoke!
A hobgoblin comes into view.
The goblin hits you with a +0 dagger.
You closely miss the goblin. The goblin barely misses you.
You hit the goblin.
The goblin is severely wounded.
The goblin hits you with a +0 dagger.
You completely miss the goblin.
The goblin is severely wounded.
The goblin completely misses you. x2
You barely miss the goblin.
The goblin is severely wounded.
The goblin hits you with a +0 dagger.
You barely miss the goblin.
The goblin is severely wounded.
You hit the hobgoblin but do no damage. The goblin hits you with a +0 dagger.
The hobgoblin hits you.
Sorry, you're not good enough to have a special ability.
Sorry, you're not good enough to have a special ability.
Casting: Summon Small Mammal (safe; 4% risk of failure)
Press: ? - help, Q - select action Dir - look around, f - activate The goblin hits you with a +0 dagger.
The hobgoblin misses you. The goblin hits you with a +0 dagger.
* * * LOW HITPOINT WARNING * * *
The goblin hits you with a +0 dagger.
You die...

#.#..........## #.#
#.#.#######..# ##
.#######.#.# #..#
...........# #..#
.........####### #..#
####........... ...#
##.......##### #..#
#......r.#######..# #
..........gg@....... #####
##.........g........ #....
.....#.....#####.#.######.###
##.$.##.#..# #P..........
#..#.......# #≈P......... #.#
...##..# #≈≈P........ ....
...# #≈≈≈P....... .## .....
#≈≈≈≈P.....P #≈≈≈≈≈P.<.P≈


You could see 2 hobgoblins, a goblin (ally target) and a friendly rat
(summoned).

Vanquished Creatures
  2 goblins (D:1)
  A bat (D:1)
3 creatures vanquished.

Vanquished Creatures (collateral kills)
  A ball python (D:1)
  2 rats (D:1)
3 creatures vanquished.

Grand Total: 6 creatures vanquished

Notes
Turn   | Place    | Note
-------+----------+-------------------------------------------
     0 | D:1      | LeChuckSC the Merfolk Summoner began the quest for the Orb.
     0 | D:1      | Reached XP level 1. HP: 13/13 MP: 3/3
   312 | D:1      | Slain by a goblin

Illustrated notes

Levels and vault maps discovered:
D:1:      eino_arrival_druids_welcome, layout_loops_ring,
          ebering_ecumenical_altar_sacrificial, minmay_tromino_v4_c

Action                   || total
-------------------------++-------
Melee: Hand axe          ||     8
 Cast: Summon Small Mamm ||     7
  Use: Scroll            ||     1
Dodge: Dodged            ||     6
